 Dungeon Crawl Stone Soup version 0.21.1-1-g345015fe64 (webtiles) character file.

5283 Gargoyl the Chopper (level 10, -16/84 HPs)
             Began as a Centaur Abyssal Knight on Mar 26, 2018.
             Was a High Priest of Lugonu.
             Demolished by an orc warrior
             ... wielding a +0 trident
              (20 damage)
             ... on level 8 of the Dungeon on Mar 27, 2018.
             The game lasted 00:20:29 (8084 turns).

Gargoyl the Chopper (Centaur Abyssal Knight)        Turns: 8084, Time: 00:20:30

Health: -16/84     AC: 19    Str: 15      XL:     10   Next: 37%
Magic:  15/15      EV:  7    Int: 10 (11) God:    Lugonu [*****.]
Gold:   238        SH:  3    Dex: 12      Spells: 9/9 levels left

rFire    . . .     SeeInvis .   y - +0 hand axe (elec)
rCold    + . .     Gourm    .   j - +0 buckler
rNeg     . . .     Faith    .   m - +0 scale mail {rC+}
rPois    .         Spirit   .   d - +2 helmet
rElec    .         Reflect  .   (no cloak)
rCorr    .         Harm     .   (no gloves)
MR       .....                  (no barding)
Stlth    ..........             G - amulet of regeneration
HPRegen  0.64/turn              l - +4 ring of protection
MPRegen  0.14/turn              u - +4 ring of protection

@: very quick
A: large, hooves 3, deformed body, deterioration 1, speed 2, mutation resistance
1, tough skin 3
a: Depart the Abyss, Bend Space, Banish, Corrupt, Enter the Abyss, Renounce
Religion


You were on level 8 of the Dungeon.
You worshipped Lugonu.
Lugonu was extremely pleased with you.
You were not hungry.

You visited 1 branch of the dungeon, and saw 8 of its levels.
You visited the Abyss 1 time.

You collected 350 gold pieces.
You spent 112 gold pieces at shops.

Inventory:

Hand Weapons
 a - a +1 hand axe
 x - a +1 war axe of freezing
 y - a +0 hand axe of electrocution (weapon)
Missiles
 g - 8 javelins (quivered)
Armour
 d - a +2 helmet (worn)
 j - a +0 buckler (worn)
 m - a +0 scale mail of cold resistance (worn)
Jewellery
 b - an uncursed ring of protection from cold
 l - a +4 ring of protection (left hand)
 n - an uncursed ring of protection from fire
 u - a +4 ring of protection (right hand)
 w - an uncursed ring of see invisible
 G - an amulet of regeneration (around neck)
Wands
 k - a wand of polymorph (12)
 q - a wand of disintegration (15)
 E - a wand of enslavement (14)
Scrolls
 f - 3 scrolls of amnesia
 h - a scroll of fog
 p - a scroll of remove curse
 t - a scroll of blinking
Potions
 e - 5 potions of curing
 i - a potion of cancellation
 r - a potion of brilliance
 s - a potion of lignification
 v - a potion of flight {unknown}
 A - a potion of magic
 B - 2 potions of resistance {unknown}
 C - a potion of heal wounds
 H - 2 potions of might
Books
 o - a book of Changes

   Spells                             Type                      Level
   a - Beastly Appendage              Transmutation                1
   b - Sticks to Snakes               Transmutation                2
   c - Spider Form                    Transmutation/Poison         3
   d - Ice Form                       Ice/Transmutation            4
   e - Blade Hands                    Transmutation                5
 D - a Young Poisoner's Handbook

   Spells                             Type                      Level
   a - Sting                          Conjuration/Poison           1
   b - Poisonous Vapours              Poison/Air                   2
   c - Mephitic Cloud                 Conjuration/Poison/Air       3
   d - Olgreb's Toxic Radiance        Poison                       4
   e - Venom Bolt                     Conjuration/Poison           5
Comestibles
 c - 18 rations
 z - 6 chunks of flesh


   Skills:
 + Level 6.9 Fighting
 + Level 7.9 Axes
 + Level 1.1 Throwing
 * Level 6.4 Armour
 + Level 2.2 Dodging
 + Level 1.3 Shields
 * Level 7.8 Invocations


You had 9 spell levels left.
You didn't know any spells.

Dungeon Overview and Level Annotations

Branches:
Dungeon (8/15)             Temple (0/1) D:7
   Lair: D:8-11

Altars:
Cheibriados
Dithmenos
Elyvilon
Fedhas
Hepliaklqana
Kikubaaqudgha
Nemelex Xobeh
Trog
Uskayaw
Vehumet
Xom

Shops:
D:6 !


Innate Abilities, Weirdness & Mutations

You have hooves in place of feet.
Armour fits poorly on your strangely shaped body.
You cover ground very quickly.
You have extremely tough skin. (AC +3)
Your body sometimes deteriorates upon taking damage.
You are somewhat resistant to further mutation.


Message History

You hit the orc warrior but do no damage.
You kick the orc warrior.
The orc warrior is lightly wounded.
You completely miss the scorpion. You closely miss the orc wizard.
The orc warrior completely misses you.
The scorpion stings you but does no damage.
You barely miss the orc warrior.
The orc warrior is lightly wounded.
You hit the orc wizard.
Lightning courses through the orc wizard!
You kill the orc wizard!
Lugonu accepts your kill.
You hit the scorpion.
The orc warrior hits you with a trident!!
* * * LOW HITPOINT WARNING * * *
Your body deteriorates!
You feel dopey.
Unknown command.
Unknown command.
The orc warrior hits you from afar with a trident!!
You die...

.'... ..... .# .#....
.###.# #..... #....
⌠...'## #..##
#....###...# #####
...#..o#).....# #....
#.....os).....# #....
#..#####@.....# ....
.............## ....
..............##########
........................
######.......###########
####.#### #.# #.# #.#


You could see an orc warrior, a scorpion and an orc.

Vanquished Creatures
  A two-headed ogre (D:8)
  The ghost of dengdeng the Cruncher, a novice MiBe of Trog (D:8)
  The ghost of humperndinck the Agent of Entropy, an amateur DsAK of Lugonu (D:5)
  A hippogriff (D:8)
  A sky beast (D:8)
  4 ogres
  An eye of draining (D:5)
  A centaur (D:6)
  Blork the orc (D:6)
  6 bullfrogs
  A gnoll sergeant (D:4)
  3 scorpions
  4 howler monkeys
  A bullfrog zombie (D:7)
  7 crimson imps
  3 orc priests
  3 hounds
  3 jellies
  9 orc wizards
  3 iguanas
  Terence (D:2)
  7 worker ants
  2 hound skeletons
  A mummy (D:8)
  6 gnolls (D:5)
  6 adders
  3 shadow imps
  2 adder zombies
  An adder skeleton (D:7)
  3 dart slugs
  A leopard gecko (D:6)
  38 orcs
  7 bats
  4 giant cockroaches
  4 hobgoblins
  4 jackals (D:4)
  3 quokkas
  A ball python (D:1)
  4 frilled lizards
  12 goblins
  9 kobolds
  A quokka skeleton (D:4)
  9 rats
184 creatures vanquished.

Vanquished Creatures (collateral kills)
  A worldbinder (Abyss:2)
  An earth elemental (Abyss:2)
2 creatures vanquished.

Vanquished Creatures (others)
  A two-headed ogre (D:6)
  The ghost of ponypharmacist the Chopper, a novice GrFi of Ru (D:6)
  An ice beast (D:6)
3 creatures vanquished.

Grand Total: 189 creatures vanquished

Notes
Turn   | Place    | Note
-------+----------+-------------------------------------------
     0 | Abyss:1  | Gargoyl the Centaur Abyssal Knight began the quest for the Orb.
     0 | Abyss:1  | Reached XP level 1. HP: 19/19 MP: 2/2
    89 | Abyss:2  | Noticed a worldbinder
    93 | Abyss:2  | Noticed a deep elf mage
   119 | Abyss:2  | Noticed a small abomination
   126 | Abyss:2  | Noticed an earth elemental
   141 | Abyss:2  | Noticed a deep elf archer
   141 | Abyss:2  | Noticed a deep elf archer
   141 | Abyss:2  | Noticed a deep elf archer
   141 | Abyss:2  | Noticed a deep elf mage
   144 | Abyss:2  | Killed a worldbinder
   144 | Abyss:2  | Reached skill level 5 in Fighting
   144 | Abyss:2  | Reached XP level 2. HP: 29/29 MP: 4/4
   144 | Abyss:2  | Reached XP level 3. HP: 36/36 MP: 5/5
   144 | Abyss:2  | Reached XP level 4. HP: 42/42 MP: 6/6
   144 | Abyss:2  | Reached XP level 5. HP: 48/48 MP: 7/7
   149 | D:1      | Escaped the Abyss
   217 | D:1      | Reached * piety under Lugonu
  1000 | D:2      | Noticed Terence
  1008 | D:2      | Killed Terence
  1014 | D:2      | Reached XP level 6. HP: 41/56 MP: 8/8
  1073 | D:2      | Reached ** piety under Lugonu
  1767 | D:3      | Found a white marble altar of Elyvilon.
  1905 | D:3      | Found a radiant altar of Vehumet.
  1923 | D:3      | You fall through a shaft for 3 floors!
  1923 | D:6      | Found a hide-covered altar of Uskayaw.
  1937 | D:5      | Entered Level 5 of the Dungeon
  1974 | D:5      | Reached skill level 1 in Dodging
  2036 | D:5      | Noticed humperndinck's ghost (amateur DsAK)
  2790 | D:3      | Reached *** piety under Lugonu
  2790 | D:3      | Reached XP level 7. HP: 61/61 MP: 9/9
  3113 | D:3      | Found a hazy altar of Hepliaklqana.
  3114 | D:3      | Found a blossoming altar of Fedhas.
  3434 | D:4      | Found a shimmering altar of Xom.
  4242 | D:5      | Gained mutation: You expend magic power (3 MP) to strengthen your wands. [potion of mutation]
  4242 | D:5      | Gained mutation: You evolve. [potion of mutation]
  4257 | D:5      | Killed humperndinck's ghost
  4257 | D:5      | Reached XP level 8. HP: 46/70 MP: 11/11
  4458 | D:5      | Found a bloodstained altar of Trog.
  4486 | D:5      | Lost mutation: You expend magic power (3 MP) to strengthen your wands. [potion of mutation]
  4486 | D:5      | Lost mutation: You evolve. [potion of mutation]
  4486 | D:5      | Gained mutation: Your body sometimes deteriorates upon taking damage. [potion of mutation]
  4486 | D:5      | Gained mutation: You are somewhat resistant to further mutation. [potion of mutation]
  4508 | D:5      | Reached skill level 5 in Axes
  5219 | D:5      | Found an ancient bone altar of Kikubaaqudgha.
  5294 | D:5      | Found a shadowy altar of Dithmenos.
  5543 | D:6      | Noticed Blork the orc
  5549 | D:6      | Killed Blork the orc
  5563 | D:6      | Noticed ponypharmacist's ghost (novice GrFi)
  5564 | D:6      | Noticed a two-headed ogre
  5580 | D:6      | Found Nemag's Distillery.
  5590 | D:6      | Reached **** piety under Lugonu
  5590 | D:6      | Reached skill level 5 in Invocations
  5860 | D:6      | Banished a two-headed ogre
  5860 | D:6      | Reached skill level 5 in Armour
  5860 | D:6      | Reached XP level 9. HP: 48/77 MP: 11/13
  6088 | D:6      | Found a sparkling altar of Nemelex Xobeh.
  6172 | D:6      | Banished ponypharmacist's ghost
  6172 | D:6      | Reached skill level 1 in Throwing
  6378 | D:6      | Bought a potion of heal wounds for 70 gold pieces
  6378 | D:6      | Bought a potion of curing for 42 gold pieces
  7109 | D:7      | Found a staircase to the Ecumenical Temple.
  7267 | D:8      | Reached skill level 1 in Shields
  7448 | D:8      | Noticed a two-headed ogre
  7457 | D:8      | Killed a two-headed ogre
  7457 | D:8      | Reached XP level 10. HP: 38/84 MP: 15/15
  7458 | D:8      | Noticed dengdeng's ghost (novice MiBe)
  7667 | D:8      | Killed dengdeng's ghost
  7876 | D:8      | Found a snail-covered altar of Cheibriados.
  8047 | D:8      | Reached ***** piety under Lugonu
  8083 | D:8      | HP: 3/84 [orc warrior/trident (19)]
  8084 | D:8      | Demolished by an orc warrior

Skill      XL: |  1  2  3  4  5  6  7  8  9 |
---------------+----------------------------+-----
Fighting       | 5 6 |  6.9
Axes           | 2 3 4 6 7 |  7.9
Armour         | 2 4 5 6 |  6.4
Invocations    | 3 4 5 7 |  7.8
Dodging        | 1 2 |  2.2
Throwing       | 1 |  1.1
Shields        | 1 |  1.3

Action                   |  1- 3 |  4- 6 |  7- 9 | 10-12 || total
-------------------------+-------+-------+-------+-------++-------
Melee: Hand axe          |       |   202 |    93 |    64 ||   359
       Kick              |       |    47 |    76 |    14 ||   137
       War axe           |       |       |   266 |       ||   266
Throw: Javelin           |       |       |    10 |       ||    10
Invok: Depart the Abyss  |       |     1 |       |       ||     1
       Banish            |       |       |     5 |       ||     5
  Use: Scroll            |     3 |     5 |     7 |     3 ||    18
       Potion            |       |       |     8 |       ||     8
  Eat: Chunk             |       |     4 |     8 |     2 ||    14
       Ration            |       |       |     2 |       ||     2
Armor: Ring mail         |       |   124 |    20 |       ||   144
       Leather armour    |       |    10 |       |       ||    10
       Scale mail        |       |       |   237 |    32 ||   269
       Skin              |       |       |    10 |       ||    10
Dodge: Dodged            |     1 |   114 |   119 |    13 ||   247
Block: Buckler           |       |       |    40 |     9 ||    49
